 Dungeon Crawl Stone Soup version 0.30.1-9-gdf580d7c3d (webtiles) character file.

Game seed: 7796155258760850338

357 booth the Chopper (level 6, -3/49 HPs)
             Began as a Demonspawn Monk on Oct 17, 2023.
             Slain by an ogre
             ... wielding a +0 giant spiked club
              (19 damage)
             ... on level 4 of the Dungeon.
             The game lasted 00:17:01 (3106 turns).

booth the Chopper (Demonspawn Monk)                 Turns: 3106, Time: 00:17:01

Health: -3/49      AC:  5    Str:  9 (11) XL:     6   Next: 37%
Magic:  0/5        EV: 13    Int:  8 (11) God:
Gold:   171        SH:  5    Dex: 14 (16) Spells: 5/5 levels left

rFire   . . .        l - +0 whip (venom)
rCold   . . .        (no shield)
rNeg    . . .        h - +0 leather armour
rPois   .            (no helmet)
rElec   .            p - +0 cloak
rCorr   .            c - +0 pair of gloves
SInv    .            (no boots)
Will    +....        o - amulet of reflection
Stlth   +            (no ring)
HPRegen 0.28/turn    (no ring)
MPRegen 0.18/turn

%: reflection, guardian spirit
@: no status effects
A: magic shield, magic regeneration, sturdy frame 1, low MP 1, strong-willed 1,
weak 1, no potion heal 1
a: no special abilities


You were on level 4 of the Dungeon.
You visited 1 branch of the dungeon, and saw 4 of its levels.

You collected 171 gold pieces.

Inventory:

Hand Weapons
 a - a +0 hand axe
 l - a +0 whip of venom (weapon)
 m - a +0 mace
Armour
 b - a +0 robe
 c - a +0 pair of gloves (worn)
 d - an orb of light
 f - a +0 ring mail
 h - a +0 leather armour (worn)
 p - a +0 cloak (worn)
Jewellery
 o - an amulet of reflection (around neck)
Wands
 t - a wand of flame (7)
Scrolls
 q - a scroll of teleportation {unknown}
 s - a scroll of poison
Potions
 e - a potion of magic {unknown}
 g - a potion of haste {unknown}
 i - a potion of curing


   Skills:
 + Level 4.6 Fighting
 * Level 4.7 Axes
 + Level 4.1 Dodging


You had 5 spell levels left.
You didn't know any spells.
Your spell library contained the following spells:

 Spells                   Type           Power      Damage    Failure   Level
 Dazzling Flash           Conj/Hex       0%         N/A       80%         3
 Inner Flame              Hex/Fire       0%         N/A       80%         3
 Volatile Blastmotes      Fire/Tloc      0%         2d10      80%         3
 Flame Wave               Conj/Fire      0%         2d4       99%         4
 Iskenderun's Mystic Bla  Conj/Tloc      0%         2d3       99%         4
 Sticky Flame             Conj/Fire      0%         2d3       99%         4
 Starburst                Conj/Fire      0%         6d3       100%        6


Dungeon Overview and Level Annotations

Branches:
Dungeon (4/15)
 Temple: D:4-7

Altars:
Dithmenos
Xom

Portals:
Abyss: D:3

Annotations:
D:3 2 transporters, monsoonserge's ghost, amateur TeAE


Innate Abilities, Weirdness & Mutations

When hurt, damage is shared between your health and your magic reserves.
You regenerate magic rapidly.
Your movements are slightly less encumbered by armour. (ER -2)
Your magical capacity is low. (-10% MP)
You are strong-willed. (Will+)
You are weak. (Str -2)
Potions are less effective at restoring your health.


Message History

Your surroundings suddenly seem different.
A quokka comes into view.
Found 4 gold pieces.
You barely miss the quokka. The quokka barely misses you.
You hit the quokka.
The quokka is severely wounded.
The quokka completely misses you.
You barely miss the quokka.
The quokka is severely wounded.
The quokka misses you.
You barely miss the quokka.
The quokka is severely wounded.
The quokka barely misses you. x2
You hit the quokka but do no damage.
The quokka is poisoned.
The quokka is severely wounded.
You kill the quokka!
You see here a quokka corpse.
An ogre comes into view. It is wielding a +0 giant spiked club.
Found an escape hatch in the ceiling.
You hear the slow rusting of a very distant drain.
The ogre shouts!
You see here a quokka corpse.
You hit the ogre.
The ogre is poisoned.
The ogre is lightly wounded.
The ogre hits you with a +0 giant spiked club!!
You hit the ogre.
The ogre is moderately wounded.
The ogre hits you with a +0 giant spiked club!
You hit the ogre.
The ogre looks as sick as possible!
The ogre is moderately wounded.
The ogre closely misses you.
You hit the ogre.
The ogre is heavily wounded.
You hit the ogre.
The ogre looks as sick as possible!
The ogre is heavily wounded.
The ogre barely misses you.
You barely miss the ogre.
The ogre is heavily wounded.
The ogre hits you with a +0 giant spiked club!!
You die...

..
######+#....<
#............
##............
#.....$.......
#.............
#@O...........
#.............
#.†...........
#.............
#...###+######
#####


You could see an ogre (extremely poisoned).

Vanquished Creatures
  Sigmund (D:2)
  Crazy Yiuf (D:2)
  Jessica (D:2)
  Terence (D:3)
  4 adders
  A worm (D:2)
  3 dart slugs
  An orc (D:3)
  7 ball pythons
  8 endoplasms
  A giant cockroach (D:3)
  9 goblins
  2 hobgoblins
  2 jackals (D:3)
  4 quokkas
  8 bats
  3 frilled lizards
  9 kobolds
  4 rats
70 creatures vanquished.

Notes
Turn   | Place    | Note
-------+----------+-------------------------------------------
     0 | D:1      | booth the Demonspawn Monk began the quest for the Orb.
     0 | D:1      | Reached XP level 1. HP: 18/18 MP: 1/1
   134 | D:1      | Found a faded altar of an unknown god.
   224 | D:1      | Gained mutation: You regenerate magic rapidly. [demonic
                  | ancestry]
   224 | D:1      | Reached XP level 2. HP: 24/24 MP: 2/2
   388 | D:1      | Reached XP level 3. HP: 18/29 MP: 3/3
   690 | D:2      | Noticed Jessica
   710 | D:2      | Killed Jessica
   912 | D:2      | Gained mutation: Your movements are slightly less
                  | encumbered by armour. (ER -2) [demonic ancestry]
   912 | D:2      | Reached XP level 4. HP: 36/37 MP: 4/4
  1088 | D:2      | Got the Octavo of Incandescence
  1465 | D:2      | Noticed Sigmund
  1480 | D:2      | Killed Sigmund
  1481 | D:2      | Reached XP level 5. HP: 24/43 MP: 5/5
  1481 | D:2      | Gained mutation: When hurt, damage is shared between your
                  | health and your magic reserves. [demonic ancestry]
  1481 | D:2      | Reached XP level 6. HP: 28/49 MP: 6/6
  1806 | D:2      | Found a runed translucent door.
  1807 | D:2      | Noticed Crazy Yiuf
  1819 | D:2      | Killed Crazy Yiuf
  2224 | D:3      | Noticed Terence
  2240 | D:3      | Killed Terence
  2368 | D:3      | Found a shimmering altar of Xom.
  2497 | D:3      | Noticed a small abomination
  2498 | D:3      | Found a transporter.
  2498 | D:3      | Noticed a small abomination
  2504 | D:3      | Found a transporter.
  2546 | D:3      | Noticed a small abomination
  2567 | D:3      | Found a shadowy altar of Dithmenos.
  2905 | D:3      | Found a one-way gate to the infinite horrors of the Abyss.
  2905 | D:3      | Noticed monsoonserge's ghost (amateur TeAE)
  2929 | D:3      | Gained mutation: Your magical capacity is low. (-10% MP)
                  | [potion of mutation]
  2929 | D:3      | Gained mutation: Potions are less effective at restoring
                  | your health. [potion of mutation]
  2929 | D:3      | Gained mutation: You are weak. (Str -2) [potion of
                  | mutation]
  2929 | D:3      | Gained mutation: You are strong-willed. (Will+) [potion of
                  | mutation]
  3106 | D:4      | Slain by an ogre

Illustrated notes

Levels and vault maps discovered:
D:1:      giann_wishing_wells, layout_rooms, hellmonk_ecumenical_altar_blasted
D:2:      layout_basic, uniq_sigmund, uniq_crazy_yiuf_cottage, uniq_jessica
D:3:      layout_loops_corners, amcnicky_altar_gilded,
          nicolae_overflow_hidden_temple, gammafunk_ghost_abyssal_escape,
          uniq_terence
D:4:      layout_basic, grunt_temple_overflow_opulence, temple_fountains,
          cheibrodos_sewer_entry_bend

Skill      XL: |  1  2  3  4  5  6 |
---------------+-------------------+-----
Dodging        | 3 4 |  4.1
Axes           | 3 4 |  4.7
Fighting       | 4 |  4.6

Action                     |  1- 3 |  4- 6 || total
---------------------------+-------+-------++-------
  Melee: Hand axe          |    82 |    25 ||   107
         Whip              |       |   110 ||   110
    Use: Potion            |     2 |     6 ||     8
         Scroll            |     2 |     2 ||     4
 Armour: Robe              |     8 |       ||     8
         Leather armour    |     8 |    29 ||    37
  Dodge: Dodged            |    57 |    79 ||   136
  Block: Orb               |       |     8 ||     8
